 Dungeon Sprint DCSS version 0.26-a0-660-gc07710193c (webtiles) character file.

Game seed: 13662812958592782464

28965 mhtbhm the Ninja (level 13, -17/100 HPs)
             Began as a Spriggan Brigand on Oct 6, 2020.
             Was the Champion of Dithmenos.
             Demolished by a spriggan defender
             ... wielding a +2 vampiric lajatang
              (25 damage)
             ... in the Dungeon (Sprint IV: "Fedhas' Mad Dash").
             The game lasted 00:08:53 (3209 turns).

mhtbhm the Ninja (Spriggan Brigand)                 Turns: 3209, Time: 00:08:54

Health: -17/100    AC: 10    Str:  9    XL:     13   Next: 12%
Magic:  23/23      EV: 24    Int: 13    God:    Dithmenos [******]
Gold:   142        SH:  0    Dex: 19    Spells: 12/12 levels left

rFire    + + .     SeeInvis +   a - +7 short sword of Nimuleup {drain, +Blink rF++ rC+ Dex-3}
rCold    + . .     Faith    .   (shield restricted)
rNeg     . . .     Spirit   .   b - +3 faerie dragon scales {rPois MR- Regen+ rCorr Str+2}
rPois    +         Reflect  .   (helmet restricted)
rElec    .         Harm     .   c - +0 cloak
rCorr    +         Rampage  .   (gloves unavailable)
MR       +....     NoTele   +   (boots unavailable)
Stlth    ..........             l - amulet of invisibility {+Inv}
HPRegen  0.66/turn              (no ring)
MPRegen  0.18/turn              (no ring)

@: berserking, wreathed by umbra, very quick
A: very small, unfitting armour, see invisible, speed 3
a: Shadow Step, Shadow Form, Renounce Religion, Evoke Blink, Evoke Invisibility


You were in the Dungeon.
You worshipped Dithmenos.
Dithmenos was exalted by your worship.
You visited 1 branch You collected 470 gold pieces.
You spent 328 gold pieces at shops.

Inventory:

Hand Weapons
 a - the +7 short sword of Nimuleup (weapon) {drain, +Blink rF++ rC+ Dex-3}
   (You bought it in a shop in the Dungeon)

   A truly terrible weapon, it drains the life of those it strikes.
   It affects your dexterity (-3).
   It greatly protects you from fire.
   It protects you from cold.
   It lets you blink.
 r - a +2 rapier of holy wrath
Missiles
 d - 8 poisoned darts
 e - 13 curare-tipped darts (quivered)
Armour
 b - the +3 faerie dragon scales (worn) {rPois MR- Regen+ rCorr Str+2}
   (You took it off the Enchantress in the Dungeon)

   It affects your strength (+2).
   It protects you from poison.
   It affects your resistance to hostile enchantments.
   It increases your rate of regeneration.
   It provides partial protection from all sources of acid and corrosion.
 c - a +0 cloak (worn)
Jewellery
 l - the amulet of invisibility (around neck) {+Inv}
   (You found it in the Dungeon)

   [amulet of nothing]

   It lets you turn invisible.
Scrolls
 k - a scroll of blinking
 n - a scroll of enchant armour
 o - a scroll of remove curse
 p - a scroll of amnesia {unknown}
 s - a scroll of fear
Potions
 f - a potion of curing
 g - a potion of heal wounds
 h - a potion of haste
 i - a potion of magic
 q - 2 potions of resistance


   Skills:
 + Level 7.0 Fighting
 + Level 12.6 Short Blades
 + Level 5.0 Throwing
 + Level 9.4 Dodging
 O Level 27 Stealth
 + Level 12.3 Invocations
 + Level 24.3 Evocations


You had 12 spell levels left.
You didn't know any spells.
Your spell library contained the following spells:

 Spells                   Type           Power        Failure   Level
 Foxfire                  Conj/Fire      #...         45%         1
 Freeze                   Ice            #...         45%         1
 Magic Dart               Conj           #...         45%         1
 Blink                    Tloc           N/A          61%         2
 Call Imp                 Summ           #.......     61%         2
 Slow                     Hex            #.......     61%         2
 Conjure Flame            Conj/Fire      #.......     83%         3
 Inner Flame              Hex/Fire       #.......     83%         3
 Mephitic Cloud           Conj/Pois/Air  #.......     83%         3
 Static Discharge         Conj/Air       #.......     83%         3
 Hailstorm                Conj/Ice       #.......     99%         4
 Sticky Flame             Conj/Fire      #.......     99%         4
 Bolt of Magma            Conj/Fire/Erth #.........   100%        5
 Fireball                 Conj/Fire      #.........   100%        5
 Lightning Bolt           Conj/Air       #.........   100%        5
 Ozocubu's Refrigeration  Ice            #.........   100%        6
 Ignition                 Fire           #.........   100%        8
 Shatter                  Erth           #.........   100%        9
 Tornado                  Air            #.........   100%        9


Dungeon Overview and Level Annotations

Branches:
Dungeon (1/1)

Altars:
Cheibriados
Dithmenos
Elyvilon
Gozag
Hepliaklqana
Kikubaaqudgha
Makhleb
Nemelex Xobeh
Okawaru
Qazlal
Ru
Sif Muna
Trog
Uskayaw
Vehumet
Wu Jian
Xom
Yredelemnul
Zin
The Shining One
Beogh
Jiyva
Lugonu

Shops:
D }:**=(}:??:**[(*=(:([


Innate Abilities, Weirdness & Mutations

You are very small and have problems with some larger weapons.
You are too small for most types of armour.
You have supernaturally acute eyesight. (SInv)
You cover ground extremely quickly.


Message History

The spriggan defender is lightly wounded.
Your shadow hits the spriggan defender but does no damage.
The spriggan defender barely misses you.
You hit the spriggan defender but do no damage.
The spriggan defender is lightly wounded.
Your shadow closely misses the spriggan defender.
You puncture the spriggan defender! You drain the spriggan defender!
The spriggan defender is heavily wounded.
Your shadow closely misses the spriggan defender.
You completely miss the spriggan defender.
The spriggan defender is heavily wounded.
The spriggan defender hits you with a +2 vampiric lajatang!!
* * * LOW HITPOINT WARNING * * *
You puncture the spriggan defender! You drain the spriggan defender.
The spriggan defender is almost dead.
Your shadow hits the spriggan defender but does no damage.
You hit the spriggan defender. You drain the spriggan defender.
The spriggan defender is almost dead.
The spriggan defender hits you with a +2 vampiric lajatang!!
You die...

...##...P.)'"#
...'......|###
###############
∩#............#########
∩'............'.......#
∩#............#######.#
#####################.#
)♣..♣..♣..♣..♣§§♣§§♣..#
).............§§@i§...#
.♣..♣..♣..♣..♣§§♣§§♣..#
#######################


You could see a spriggan defender (drained).

Vanquished Creatures
  the Enchantress (D)
  Agnes (D)
  A ghost moth (D)
  3 spriggan defenders (D)
  4 spriggan berserkers (D)
  4 spriggan druids (D)
  23 oklob plants (D)
  3 demonic crawlers (D)
  3 burning bushes (D)
  3 wandering mushrooms (D)
  A queen bee (D)
  8 hornets (D)
  2 scorpions (D)
  4 killer bees (D)
  2 worker ants (D)
  5 oklob saplings (D)
  10 spriggans (D)
  A river rat (D)
  A rat (D)
  2 ballistomycete spores (D)
82 creatures vanquished.

Notes
Turn   | Place    | Note
-------+----------+-------------------------------------------
     0 | D        | mhtbhm the Spriggan Brigand began the quest for the Orb.
     0 | D        | Reached XP level 1. HP: 10/10 MP: 2/2
    13 | D        | Reached skill level 8 in Stealth
    13 | D        | Reached XP level 2. HP: 11/15 MP: 3/3
    99 | D        | Noticed an oklob sapling
   101 | D        | Killed an oklob sapling
   101 | D        | Reached skill level 9 in Stealth
   101 | D        | Reached XP level 3. HP: 18/18 MP: 4/4
   105 | D        | Found the amulet of invisibility {+Inv}
   114 | D        | Reached skill level 11 in Stealth
   142 | D        | Found an opulent altar of Gozag.
   142 | D        | Found a hazy altar of Hepliaklqana.
   142 | D        | Found a burning altar of Makhleb.
   142 | D        | Found a roughly hewn altar of Beogh.
   142 | D        | Found a sparkling altar of Nemelex Xobeh.
   142 | D        | Found a snail-covered altar of Cheibriados.
   142 | D        | Found a sacrificial altar of Ru.
   142 | D        | Found a shimmering blue altar of Sif Muna.
   142 | D        | Found a shimmering altar of Xom.
   142 | D        | Found a basalt altar of Yredelemnul.
   143 | D        | Found a viscous altar of Jiyva.
   143 | D        | Found a bloodstained altar of Trog.
   143 | D        | Found an ornate altar of the Wu Jian Council.
   143 | D        | Noticed an oklob sapling priest
   144 | D        | Found an iron altar of Okawaru.
   144 | D        | Found a shadowy altar of Dithmenos.
   144 | D        | Found a glowing silver altar of Zin.
   145 | D        | Found an ancient bone altar of Kikubaaqudgha.
   145 | D        | Found a hide-covered altar of Uskayaw.
   146 | D        | Found a stormy altar of Qazlal.
   146 | D        | Found a white marble altar of Elyvilon.
   146 | D        | Found a glowing golden altar of the Shining One.
   147 | D        | Found a corrupted altar of Lugonu.
   147 | D        | Found a radiant altar of Vehumet.
   152 | D        | Killed an oklob sapling priest
   152 | D        | Reached skill level 12 in Stealth
   152 | D        | Reached XP level 4. HP: 23/23 MP: 2/5
   156 | D        | Became a worshipper of Dithmenos the Shadowed
   207 | D        | Reached skill level 13 in Stealth
   207 | D        | Reached skill level 1 in Evocations
   207 | D        | Reached XP level 5. HP: 28/28 MP: 3/6
   287 | D        | Reached skill level 14 in Stealth
   550 | D        | Reached * piety under Dithmenos
   564 | D        | Found Tuvviss's Antique Weapon Shop.
   564 | D        | Found Kustrogas's Antique Armour Emporium.
   600 | D        | Reached skill level 5 in Short Blades
   662 | D        | Noticed a queen bee
   669 | D        | Killed a queen bee
   669 | D        | Reached ** piety under Dithmenos
   669 | D        | Reached skill level 5 in Dodging
   669 | D        | Reached skill level 16 in Stealth
   669 | D        | Reached XP level 6. HP: 32/32 MP: 4/7
   671 | D        | Reached skill level 17 in Stealth
   671 | D        | Reached XP level 7. HP: 37/37 MP: 4/8
   674 | D        | Reached *** piety under Dithmenos
   676 | D        | Noticed an oklob plant
   971 | D        | Killed an oklob plant
   971 | D        | Reached skill level 18 in Stealth
   971 | D        | Reached XP level 8. HP: 42/42 MP: 6/9
  1044 | D        | Noticed a burning bush
  1047 | D        | Killed a burning bush
  1047 | D        | Reached skill level 19 in Stealth
  1059 | D        | Noticed a burning bush
  1059 | D        | Noticed an oklob plant
  1060 | D        | Noticed a wandering mushroom
  1061 | D        | Killed a burning bush
  1061 | D        | Reached skill level 5 in Throwing
  1061 | D        | Reached skill level 20 in Stealth
  1061 | D        | Reached skill level 10 in Evocations
  1064 | D        | Killed an oklob plant
  1065 | D        | Reached **** piety under Dithmenos
  1067 | D        | Killed a wandering mushroom
  1067 | D        | Reached skill level 21 in Stealth
  1067 | D        | Reached XP level 9. HP: 42/45 MP: 3/10
  1159 | D        | Noticed a spriggan druid
  1160 | D        | Killed a spriggan druid
  1160 | D        | Reached skill level 22 in Stealth
  1174 | D        | Noticed an oklob plant conjurer
  1175 | D        | Killed an oklob plant conjurer
  1336 | D        | Noticed an oklob plant
  1336 | D        | Noticed an oklob plant summoner
  1337 | D        | Noticed an oklob plant shifter
  1338 | D        | Killed an oklob plant
  1338 | D        | Reached skill level 23 in Stealth
  1338 | D        | Reached skill level 1 in Invocations
  1340 | D        | Killed an oklob plant summoner
  1342 | D        | Killed an oklob plant shifter
  1344 | D        | Noticed a demonic crawler
  1346 | D        | Killed a demonic crawler
  1346 | D        | Reached ***** piety under Dithmenos
  1346 | D        | Reached skill level 24 in Stealth
  1346 | D        | Reached XP level 10. HP: 48/51 MP: 5/11
  1395 | D        | Noticed a spriggan rider
  1396 | D        | Found Berim's Antique Weapon Emporium.
  1398 | D        | Found Usezenko's Armour Shoppe.
  1399 | D        | Killed a spriggan rider
  1399 | D        | Reached skill level 25 in Stealth
  1419 | D        | Identified Sif Muna's Reference Book on Fiery Cold
  1429 | D        | Bought a blackened short sword for 224 gold pieces
  1429 | D        | Identified the +7 short sword of Nimuleup {drain, +Blink
                  | rF++ rC+ Dex-3} (You bought it in a shop in the Dungeon)
  1466 | D        | Noticed Agnes
  1468 | D        | Found Diqov's General Store.
  1468 | D        | Found Woastais's Jewellery Shoppe.
  1469 | D        | Killed Agnes
  1469 | D        | Reached skill level 26 in Stealth
  1521 | D        | Noticed a spriggan defender
  1525 | D        | Killed a spriggan defender
  1525 | D        | Reached skill level 27 in Stealth
  1525 | D        | Reached skill level 15 in Evocations
  1525 | D        | Reached XP level 11. HP: 50/54 MP: 8/14
  1579 | D        | Noticed a spriggan berserker
  1581 | D        | Killed a spriggan berserker
  1585 | D        | Noticed a spriggan rider
  1589 | D        | Killed a spriggan rider
  1589 | D        | Reached skill level 5 in Fighting
  1589 | D        | Reached skill level 5 in Invocations
  1697 | D        | Noticed a ghost moth
  1698 | D        | Found Egoig's Assorted Antiques.
  1698 | D        | Found Dophaab's Book Boutique.
  1698 | D        | Found Vimoh's Gadget Shoppe.
  1704 | D        | Killed a ghost moth
  1882 | D        | Found Kabeerar's Book Emporium.
  1882 | D        | Found Gaptoset's Antique Weapon Shoppe.
  2151 | D        | Noticed an oklob plant shifter
  2151 | D        | Noticed an oklob plant meteorologist
  2153 | D        | Killed an oklob plant meteorologist
  2153 | D        | Reached skill level 10 in Short Blades
  2158 | D        | Killed an oklob plant shifter
  2228 | D        | Noticed a spriggan rider
  2232 | D        | Killed a spriggan rider
  2282 | D        | Found Pyq Vunt's Jewellery Shoppe.
  2282 | D        | Found Ucitem's Antique Weapon Boutique.
  2282 | D        | Found Wioxku's General Store.
  2282 | D        | Found Qomnaus's Book Emporium.
  2282 | D        | Found Weriexto's Gadget Shoppe.
  2283 | D        | Found Jeatedd's Magic Scroll Emporium.
  2283 | D        | Found Apoimys's Book Shop.
  2283 | D        | Found Emueloin's Magic Scroll Boutique.
  2328 | D        | Bought a scroll of identify for 26 gold pieces
  2332 | D        | Bought a scroll of identify for 26 gold pieces
  2333 | D        | Bought a scroll of identify for 26 gold pieces
  2333 | D        | Bought a scroll of identify for 26 gold pieces
  2355 | D        | Noticed an oklob plant summoner
  2356 | D        | Found Ynko Suqa's Assorted Antiques.
  2357 | D        | Found Wujyg's Assorted Antiques.
  2358 | D        | Killed an oklob plant summoner
  2360 | D        | Noticed an oklob plant demonologist
  2360 | D        | Noticed an oklob plant annihilator
  2361 | D        | Noticed a spriggan berserker
  2363 | D        | Killed an oklob plant demonologist
  2365 | D        | Killed a spriggan berserker
  2366 | D        | Killed an oklob plant annihilator
  2369 | D        | Got a bound graven amulet
  2580 | D        | Reached ****** piety under Dithmenos
  2582 | D        | Got a coiled jade amulet
  2593 | D        | Identified the amulet "Inucwuhe" {Spirit Int+6} (You found
                  | it in the Dungeon)
  2604 | D        | Identified the amulet of Lub Ikoa {RegenMP rN+ Str-4
                  | Stlth+} (You found it in the Dungeon)
  2652 | D        | Noticed an oklob plant
  2652 | D        | Noticed an oklob plant
  2652 | D        | Noticed an oklob plant
  2652 | D        | Noticed an oklob plant
  2652 | D        | Noticed an oklob plant
  2652 | D        | Noticed an oklob plant
  2653 | D        | Noticed an oklob plant
  2654 | D        | Killed an oklob plant
  2654 | D        | Reached XP level 12. HP: 61/61 MP: 16/19
  2722 | D        | Reached skill level 10 in Invocations
  3013 | D        | Noticed a spriggan defender
  3013 | D        | Noticed a spriggan defender
  3026 | D        | Noticed a spriggan defender
  3028 | D        | Killed a spriggan defender
  3031 | D        | Noticed the Enchantress
  3036 | D        | Killed the Enchantress
  3036 | D        | Reached XP level 13. HP: 43/66 MP: 17/23
  3092 | D        | Killed a spriggan defender
  3209 | D        | Demolished by a spriggan defender

Illustrated notes

Levels and vault maps discovered:
D:        dungeon_sprint_fedhas [sprint_temple]

Skill      XL: |  1  2  3  4  5  6  7  8  9 10 11 12 13 |
---------------+----------------------------------------+-----
Stealth        | 8 9 12 13 16 17 18 21 24 27 | 27.0
Fighting       | 2 3 4 6 7 |  7.0
Short Blades   | 3 4 5 6 7 8 11 12 | 12.6
Dodging        | 2 3 5 7 8 9 |  9.4
Throwing       | 3 4 5 |  5.0
Evocations     | 1 6 9 11 13 15 19 23 24 | 24.3
Invocations    | 1 3 8 12 | 12.3

Action                   |  1- 3 |  4- 6 |  7- 9 | 10-12 | 13-15 || total
-------------------------+-------+-------+-------+-------+-------++-------
Melee: Dagger            |    17 |    14 |    19 |     3 |       ||    53
       Short sword       |       |       |       |    59 |    12 ||    71
Throw: Dart              |     2 |       |       |       |       ||     2
Invok: Shadow Step       |       |       |     2 |    19 |       ||    21
 Abil: Evoke Invisibilit |     1 |     4 |     3 |     8 |       ||    16
       Evoke Blink       |       |       |       |     2 |       ||     2
  Use: Scroll            |       |       |       |     5 |       ||     5
       Potion            |       |       |       |     1 |     1 ||     2
 Stab: Sleeping          |     1 |     7 |    14 |    45 |       ||    67
       Invisible         |     1 |     1 |     3 |     1 |       ||     6
       Distracted        |       |       |       |       |     2 ||     2
Dodge: Dodged            |    13 |     7 |     1 |     4 |     1 ||    26

Table legend: (Time is in decaauts)
 A = Elapsed time spent in this place.
 B = Non-inter-level travel time spent in this place.
 C = Inter-level travel time spent in this place.
 D = Time resting spent in this place.
 E = Time spent auto-exploring this place.
 F = Levels seen in this place.
 G = Mean time per level.
                   A        B        C        D        E       F      G
               +--------+--------+--------+--------+--------+-----+--------+
         Total |   2791 |   2791 |      0 |   1930 |    116 |   1 | 2791.0 |
       Dungeon |   2791 |   2791 |      0 |   1930 |    116 |   1 | 2791.0 |
               +--------+--------+--------+--------+--------+-----+--------+

Top non-repeatable levels by time:
       D: 2791 daAuts
